Map: Ley Lines

Players

kitune

  • Race: Zerg Zerg
  • Spawn Location: 1:00

A.I. 2 (Very Easy) - Winner!

  • Race: Protoss Protoss
  • Spawn Location: 7:00

VOD

Have the link to the VOD?

Description

Time

  • Played on: June 19, 2025, 3:12 p.m.
  • Length: 2:49
Show
View Real Time Build Order
Export as new Build Order

kitune Zerg 

Build Orders: Hatch First 

Get SALT Encoding   

  12  0:00  Drone  
  13  0:13  Overlord  
  13  0:16  Drone  
  14  0:32  Drone x2  
  16  0:48  Hatchery  
  15  0:51  Drone  
  15  0:55  Drone  
  17  0:59  Drone  
  18  1:07  Extractor  
  17  1:16  Spawning Pool  
  16  1:20  Drone  
  16  1:24  Drone  
  18  1:29  Drone  
  20  1:40  Drone  
  20  1:52  Drone  
  21  2:00  Overlord  
  21  2:05  Queen  
  21  2:06  Queen  
  25  2:11  Zergling x2  
  25  2:14  Zergling x2  
  27  2:34  Drone x4  
  27  2:35  Drone  
Show
View Real Time Build Order
Export as new Build Order

A.I. 2 (Very Easy) Protoss - Winner!

Build Orders:  

Get SALT Encoding   

  12  0:00  Probe  
  13  0:13  Probe  
  14  0:19  Pylon  
  14  0:37  Assimilator  
  14  0:43  Gateway  
  14  0:46  Pylon  
  14  1:13  Assimilator  
  14  1:18  Probe  
  15  1:26  Probe  
  16  1:32  Cybernetics Core  
  16  1:34  Probe  
  17  1:45  Probe  
  18  1:56  Probe  
  19  2:04  Probe  
  19  2:05  Stalker  
Tags
 
Matchup
PvZ
Spawn Locations
Cross Positions
Add a new tag
Caveats
  • Supply blocks, unpowered buildings, or Contaminate may cause inaccurate times.
  • Supply counts are checked every 10 seconds.